 Dungeon Crawl Stone Soup version 0.30-a0-313-gae38170b09 (webtiles) character file.

Game seed: 2862119345540571130

389 koil the Shooter (level 6, -1/32 HPs)
             Began as a Spriggan Hunter on Oct 26, 2022.
             Slain by a gnoll
             ... wielding a +0 club
             ... led by a gnoll bouda
              (3 damage)
             ... on level 5 of the Dungeon on Oct 27, 2022.
             The game lasted 00:09:39 (3762 turns).

koil the Shooter (Spriggan Hunter)                  Turns: 3762, Time: 00:09:40

Health: -1/32      AC:  3    Str:  7    XL:     6   Next: 50%
Magic:  20/20      EV: 19    Int: 17    God:
Gold:   288        SH:  0    Dex: 20    Spells: 11/11 levels left

rFire   . . .      SeeInvis +    a - +0 shortbow
rCold   . . .      Faith    .    (shield currently unavailable)
rNeg    . . .      Spirit   .    c - +0 robe
rPois   .          Reflect  .    (helmet restricted)
rElec   .          Harm     .    m - +0 cloak
rCorr   .          Rampage  .    (gloves unavailable)
Will    +....                    (boots unavailable)
Stlth   +++.......               (no amulet)
HPRegen 0.25/turn                v - ring of magical power
MPRegen 0.17/turn                z - +6 ring of intelligence

@: very quick
A: very small, no large weapons, unfitting armour, see invisible, speed 3
a: no special abilities


You were on level 5 of the Dungeon.
You visited 1 branch of the dungeon, and saw 5 of its levels.

You collected 288 gold pieces.

Inventory:

Hand Weapons
 a - a +0 shortbow (weapon)
 C - a +3 whip of flaming
Missiles
 l - 22 poisoned darts
Armour
 c - a +0 robe (worn)
 m - a +0 cloak (worn)
Magical Staves
 q - a staff of fire
Jewellery
 v - a ring of magical power (left hand)
 y - a ring of positive energy
 z - a +6 ring of intelligence (right hand)
Wands
 w - a wand of flame (8)
Scrolls
 b - 2 scrolls of immolation
 d - a scroll of acquirement {unknown}
 f - 3 scrolls of teleportation {unknown}
 g - 3 scrolls of magic mapping
 h - 5 scrolls of poison {unknown}
 n - a scroll of identify
 p - 2 scrolls of enchant armour
 t - 2 scrolls of fog {unknown}
 u - a scroll of vulnerability {unknown}
 B - 2 scrolls of noise {unknown}
 D - a scroll of blinking {unknown}
Potions
 e - 2 potions of might {unknown}
 i - a potion of haste {unknown}
 j - 4 potions of mutation {unknown}
 k - a potion of degeneration {unknown}
 o - 2 potions of curing {unknown}
 r - a potion of resistance {unknown}
 s - 4 potions of lignification {unknown}
 x - 2 potions of brilliance {unknown}
 A - 3 potions of attraction {unknown}


   Skills:
 + Level 2.7 Fighting
 + Level 4.8 Ranged Weapons
 + Level 4.5 Dodging
 + Level 4.7 Stealth
 + Level 3.0 Spellcasting
 + Level 1.6 Fire Magic


You had 11 spell levels left.
You didn't know any spells.
Your spell library contained the following spells:

 Spells                   Type           Power      Damage    Failure   Level
 Freeze                   Ice            8%         1d3       17%         1
 Frozen Ramparts          Ice            4%         1d1       45%         3
 Hailstorm                Conj/Ice       2%         3d3       45%         3
 Stone Arrow              Conj/Erth      4%         3d7       45%         3
 Animate Armour           Summ/Erth      4%         N/A       86%         4
 Passage of Golubria      Tloc           2%         N/A       86%         4
 Silence                  Hex/Air        1%         N/A       99%         5
 Lehudib's Crystal Spear  Conj/Erth      1%         10d2      100%        8


Dungeon Overview and Level Annotations

Branches:
Dungeon (5/15)
 Temple: D:4-7

Altars:
Kikubaaqudgha
Vehumet
Zin

Shops:
D:4 !

Annotations:
D:5 1 runed translucent door, Blork the orc, Crazy Yiuf


Innate Abilities, Weirdness & Mutations

You are very small and have problems with some larger weapons.
You are too small for most types of armour.
You have supernaturally acute eyesight. (SInv)
You cover ground extremely quickly. (Speed+++)


Message History

The hound barks!
The orc shouts!
You hear an angry hiss.
The ogre shouts!
You hear a shout!
You hear an angry hiss.
The gnoll is no longer moving quickly.
The white imp shouts!
You enter the shallow water.
Moving in this stuff is going to be slow.
The gnoll sergeant is no longer moving quickly.
The iguana completely misses you.
Blork the orc casts a spell.
Blork the orc seems to speed up.
Why would you want to do that?
Unknown command.
You shoot an arrow. The arrow hits the gnoll!
The gnoll is severely wounded.
The gnoll is no longer moving quickly. x3; The gnoll misses you.
The hound closely misses you. The iguana bites you!
The gnoll hits you with a +0 flail!
Unknown command.
The gnoll attacks as you move away! The gnoll closely misses you.
The hound closely misses you. x2
The gnoll is no longer moving quickly.
The white imp gestures at you. The puff of frost hits you!
* * * LOW HITPOINT WARNING * * *
The hound misses you.
As you read the scroll labelled TEMAV IRAA, it crumbles to dust.
You feel aware of your surroundings.
It was a scroll of magic mapping.
The gnoll barely misses you. The hound closely misses you.
The quokka closely misses you.
An iguana comes into view.
The gnoll completely misses you. The iguana closely misses you.
The ogre closely misses you.
As you read the scroll labelled CAUMIU ZOLIE, it crumbles to dust.
It is a scroll of identify.
p - 2 scrolls of enchant armour The hound bites you.
* * * LOW HITPOINT WARNING * * *
The gnoll barely misses you. The quokka completely misses you.
The gnoll hits you with a +0 club.
You die...

,,#..........#..#.#....#
,*#.........../...#...##
,*#..........).....#.##
,,#......⌠.~~.~....#..#
,,#....#...~≈≈~.og....#####
*......##.~~≈≈≈..gg#...#..##
..#....##.~~~~~glgo#.......#
#..##..#...~~..hrg###.#...##
#..,...#...~..gg@..##.....#
...,...#._~....⌠lO#####...##
,,,,,,,*....##...5.####....##
,,,,,,,########g........###.##
,,,>,,,.......g......##......#
,,,,,,,.......g.)....#.......###
,,,,,,,.........l............#.##
,,**,,,..........#......#.......#
,,,*,,,.........#.......#........


You could see Blork the orc (fast), an ogre, a gnoll sergeant, 3 iguanas, a
hound, 10 gnolls, a white imp, an orc and a quokka.

Vanquished Creatures
  A black bear (D:3)
  2 gnoll boudas (D:5)
  2 iguanas (D:4)
  Robin (D:3)
  3 gnolls (D:5)
  5 adders
  An ufetubus (D:5)
  A worm (D:2)
  4 dart slugs
  8 orcs
  7 ball pythons
  4 endoplasms
  3 giant cockroaches
  14 goblins
  12 hobgoblins
  3 jackals (D:1)
  9 kobolds
  3 bats
  A frilled lizard (D:2)
  7 rats (D:2)
91 creatures vanquished.

Notes
Turn   | Place    | Note
-------+----------+-------------------------------------------
     0 | D:1      | koil the Spriggan Hunter began the quest for the Orb.
     0 | D:1      | Reached XP level 1. HP: 10/10 MP: 2/2
   130 | D:1      | Reached XP level 2. HP: 12/15 MP: 2/4
   227 | D:1      | Found a faded altar of an unknown god.
   362 | D:1      | Reached skill level 1 in Spellcasting
   832 | D:2      | Reached XP level 3. HP: 12/18 MP: 4/6
  1288 | D:2      | Reached XP level 4. HP: 23/23 MP: 7/7
  1555 | D:3      | Noticed Robin
  1584 | D:3      | Found a glowing silver altar of Zin.
  1591 | D:3      | Killed Robin
  1838 | D:3      | Noticed a black bear
  1879 | D:3      | Killed a black bear
  1880 | D:3      | Reached skill level 1 in Fire Magic
  1880 | D:3      | Reached XP level 5. HP: 14/27 MP: 9/9
  2277 | D:4      | Found a radiant altar of Vehumet.
  2779 | D:4      | Found Wiskyrank's Distillery.
  2935 | D:4      | Reached XP level 6. HP: 32/32 MP: 11/11
  3273 | D:5      | Entered Level 5 of the Dungeon
  3497 | D:5      | Noticed Blork the orc
  3668 | D:5      | Found a runed translucent door.
  3669 | D:5      | Noticed Crazy Yiuf
  3756 | D:5      | Found an ancient bone altar of Kikubaaqudgha.
  3762 | D:5      | Slain by a gnoll

Illustrated notes

Levels and vault maps discovered:
D:1:      wheals_arrival_shading, layout_basic,
          dilly_ecumenical_altar_fadedgnrine
D:2:      layout_basic, minmay_joined_circles
D:3:      layout_rooms, lemuel_tele_altar, serial_rivers,
          chequers_serial_rivers_micro_e, chequers_serial_rivers_micro_d,
          chequers_serial_rivers_large_b, chequers_serial_rivers_room_a,
          chequers_serial_rivers_micro_e, minmay_between, uniq_robin
D:4:      layout_basic, nicolae_vehumet_radiance, serial_shops, shop,
          nicolae_figureground_pulse
D:5:      layout_cave_pools, kiku_gazebo_pond_becter, uniq_blork_the_orc,
          uniq_crazy_yiuf_cottage

Skill      XL: |  1  2  3  4  5  6 |
---------------+-------------------+-----
Stealth        | 2 3 4 |  4.7
Dodging        | 3 4 |  4.5
Spellcasting   | 1 2 3 |  3.0
Fighting       | 2 |  2.7
Fire Magic     | 1 |  1.6
Ranged Weapons | |  4.8

Action                   |  1- 3 |  4- 6 || total
-------------------------+-------+-------++-------
 Fire: Shortbow          |    92 |   183 ||   275
  Use: Scroll            |       |     2 ||     2
Armor: Robe              |     7 |    16 ||    23
Dodge: Dodged            |    40 |    86 ||   126

Table legend: (Time is in decaauts)
 A = Elapsed time spent in this place.
 B = Non-inter-level travel time spent in this place.
 C = Inter-level travel time spent in this place.
 D = Time resting spent in this place.
 E = Time spent auto-exploring this place.
 F = Levels seen in this place.
 G = Mean time per level.
                   A        B        C        D        E       F      G
               +--------+--------+--------+--------+--------+-----+--------+
         Total |   2756 |   2626 |    130 |    137 |   1903 |   5 |  551.2 |
       Dungeon |   2756 |   2626 |    130 |    137 |   1903 |   5 |  551.2 |
               +--------+--------+--------+--------+--------+-----+--------+

Top non-repeatable levels by time:
     D:4: 880 daAuts
     D:3: 636 daAuts
     D:2: 610 daAuts
     D:1: 406 daAuts
     D:5: 222 daAuts
